 Dungeon Sprint DCSS version 0.22-a0-456-g11ed031 (webtiles) character file.

11804 Kidiri the Unseen (level 11, -4/58 HPs)
             Began as a Spriggan Enchanter on June 6, 2018.
             Was the Champion of Dithmenos.
             Slain by a hellwing (9 damage)
             ... summoned by an orc high priest
             ... in the Dungeon (Sprint IX: "|||||||||||||||||||||||||||||").
             The game lasted 00:07:51 (1939 turns).

Kidiri the Unseen (Spriggan Enchanter)              Turns: 1939, Time: 00:07:52

Health: -4/58      AC:  5    Str:  2    XL:     11   Next: 54%
Magic:  21/30      EV: 36    Int: 18    God:    Dithmenos [******]
Gold:   1022       SH:  0    Dex: 21    Spells: 27/39 levels left

rFire    . . .     SeeInvis +   q - +4 short sword (freeze)
rCold    . . .     Gourm    .   (shield restricted)
rNeg     . . .     Faith    .   b - +0 robe
rPois    .         Spirit   .   (helmet restricted)
rElec    .         Reflect  .   n - +0 cloak
rCorr    .         Harm     .   (gloves unavailable)
MR       +....     NoTele   +   (boots unavailable)
Stlth    ++++++++++             (no amulet)
HPRegen  0.19/turn              o - +2 ring of evasion
MPRegen  0.22/turn              p - +2 ring of protection

@: wreathed by umbra, very quick
A: very small, unfitting armour, thin skeletal structure 1, see invisible,
herbivore, speed 3, slow metabolism 2, weak 1
a: Shadow Step, Shadow Form, Renounce Religion


You were in the Dungeon.
You worshipped Dithmenos.
Dithmenos was exalted by your worship.
You were not hungry.

You visited 1 branch You collected 1022 gold pieces.

Inventory:

Hand Weapons
 a - a +1 dagger
 m - a +2 rapier of distortion
 q - a +4 short sword of freezing (weapon)
 t - a -1 short sword
Armour
 b - a +0 robe (worn)
 n - a +0 cloak (worn)
Jewellery
 o - a +2 ring of evasion (left hand)
 p - a +2 ring of protection (right hand)
Wands
 l - a wand of iceblast (10)
Scrolls
 i - 2 scrolls of remove curse
 j - 4 scrolls of blinking
 k - 2 scrolls of amnesia
 w - a scroll of fear
 x - 2 scrolls of enchant weapon
 y - 3 scrolls of fog
Potions
 c - a potion of invisibility
 e - 5 potions of curing
 f - 5 potions of heal wounds
 g - 2 potions of haste
 h - a potion of magic
 r - a potion of degeneration {unknown}
 s - a potion of berserk rage
 u - a potion of agility
 v - a potion of flight
Comestibles
 d - 11 rations


   Skills:
 + Level 7.5 Fighting
 * Level 13.4 Short Blades
 + Level 6.8 Armour
 * Level 16.9 Dodging
 * Level 18.4 Stealth
 * Level 14.5 Spellcasting
 + Level 11.2 Hexes


You had 27 spell levels left.
You knew the following spells:

 Your Spells              Type           Power        Failure   Level  Hunger
a - Corona                Hex            ######.      1%          1    None
b - Ensorcelled Hibernat  Hex/Ice        ####..       1%          2    None
c - Confuse               Hex            ######..     1%          3    None
d - Tukima's Dance        Hex            ######..     1%          3    None
e - Dazzling Spray        Conj/Hex       ####..       1%          3    None

Your spell library contained the following spells:

 Spells                   Type           Power        Failure   Level  Hunger


Dungeon Overview and Level Annotations

Branches:
Dungeon (1/1)

Altars:
Cheibriados
Dithmenos
Elyvilon
Fedhas
Gozag
Hepliaklqana
Kikubaaqudgha
Makhleb
Nemelex Xobeh
Okawaru
Qazlal
Ru
Sif Muna
Trog
Uskayaw
Vehumet
Wu Jian
Xom
Yredelemnul
Zin
The Shining One
Beogh
Jiyva
Lugonu

Shops:
D }[


Innate Abilities, Weirdness & Mutations

You are very small and have problems with some larger weapons.
You are too small for most types of armour.
You have supernaturally acute eyesight. (SInv)
You are a herbivore.
You cover ground extremely quickly.
You need to consume almost no food.
You have a somewhat thin skeletal structure. (Dex +2, Stealth)
You are weak. (Str -2)


Message History

Confirm with . or Enter, or press ? or * to list all spells.
You don't have enough magic to cast that spell.
Unknown command.
Magic courses through your body. The hellwing misses you.
The hellwing hits you but does no damage.
The soul eater draws from the surrounding life force!
Casting: Ensorcelled Hibernation (safe; 1% risk of failure)
Confirm with . or Enter, or press ? or * to list all spells.
Aiming: Dazzling Spray (safe; 1% risk of failure)
Press: ? - help, Shift-Dir - straight line, f - hellwing
Aim: a hellwing (black smoke, summoned, umbra)
The spray of energy hits the hellwing.
The hellwing is moderately wounded.
Your shadow mimicks your spell!
The shadow shard hits the hellwing.
The orc high priest invokes the aid of Beogh against you.
Beogh smites you!
* * * LOW HITPOINT WARNING * * *
You emit a cloud of dark smoke.
The hellwing hits you!
You die...

▓)▓.▓†▓.▓_▓
▓)▓.▓.▓.▓_▓
▓)▓.▓÷▓.▓_▓
▓)▓.▓.▓.▓_▓
▓)▓.▓.▓.▓_▓
▓.▓.▓.▓.▓_▓
▓§▓.▓.▓.▓_▓
▓4▓.▓÷▓.▓'▓
▓@▓.▓.▓.▓.▓
▓3▓.▓.▓.▓.▓
▓o▓.▓.▓.▓|▓
▓o▓.▓.▓.▓)▓
▓o▓.▓.▓.▓.▓
▓o▓.▓.▓.▓[▓
▓∩▓.▓.▓.▓[▓
▓$▓.▓.▓.▓.▓
▓.▓(▓.▓.▓


You could see an orc knight, a soul eater, 3 orc high priests and a hellwing.

Vanquished Creatures
  4 orc high priests (D)
  Urug (D)
  A deep elf mage (D)
  3 orc knights (D)
  9 elephants (D)
  A spiny frog (D)
  2 komodo dragons (D)
  2 rime drakes (D)
  A troll (D)
  A blink frog (D)
  2 hippogriffs (D)
  2 yaks (D)
  A water moccasin (D)
  A sky beast (D)
  9 orc warriors (D)
  An ogre (D)
  2 crocodiles (D)
  A big kobold (D)
  4 bullfrogs (D)
  A wight (D)
  2 crimson imps (D)
  A quasit (D)
  4 orc priests (D)
  3 orc wizards (D)
  A gnoll shaman (D)
  A shadow imp (D)
  An adder skeleton (D)
  A dart slug (D)
  8 orcs (D)
  A bat zombie (D)
  A quokka (D)
  A ball python skeleton (D)
  A frilled lizard (D)
  3 rats (D)
78 creatures vanquished.

Notes
Turn   | Place    | Note
-------+----------+-------------------------------------------
     0 | D        | Kidiri the Spriggan Enchanter began the quest for the Orb.
     0 | D        | Reached XP level 1. HP: 9/9 MP: 5/5
    17 | D        | Reached skill level 5 in Stealth
    75 | D        | Noticed a quasit
    75 | D        | Noticed a gnoll shaman
    89 | D        | Reached XP level 2. HP: 10/14 MP: 7/7
    93 | D        | Reached skill level 1 in Fighting
    93 | D        | Reached skill level 1 in Armour
    93 | D        | Reached skill level 5 in Dodging
    93 | D        | Reached skill level 6 in Stealth
    93 | D        | Reached XP level 3. HP: 16/18 MP: 7/9
   101 | D        | Reached XP level 4. HP: 17/22 MP: 7/11
   110 | D        | Found a roughly hewn altar of Beogh.
   110 | D        | Found a snail-covered altar of Cheibriados.
   110 | D        | Found a shadowy altar of Dithmenos.
   110 | D        | Found a white marble altar of Elyvilon.
   110 | D        | Found a blossoming altar of Fedhas.
   110 | D        | Found an opulent altar of Gozag.
   111 | D        | Found a hazy altar of Hepliaklqana.
   112 | D        | Found a viscous altar of Jiyva.
   113 | D        | Found an ancient bone altar of Kikubaaqudgha.
   114 | D        | Found a corrupted altar of Lugonu.
   115 | D        | Became a worshipper of Dithmenos the Shadowed
   230 | D        | Found a burning altar of Makhleb.
   231 | D        | Found a sparkling altar of Nemelex Xobeh.
   232 | D        | Found an iron altar of Okawaru.
   233 | D        | Found a stormy altar of Qazlal.
   234 | D        | Found a sacrificial altar of Ru.
   235 | D        | Found a deep blue altar of Sif Muna.
   236 | D        | Found a bloodstained altar of Trog.
   237 | D        | Found a hide-covered altar of Uskayaw.
   238 | D        | Found a radiant altar of Vehumet.
   239 | D        | Found an ornate altar of the Wu Jian Council.
   240 | D        | Found a shimmering altar of Xom.
   241 | D        | Found a basalt altar of Yredelemnul.
   242 | D        | Found a glowing silver altar of Zin.
   243 | D        | Found a glowing golden altar of the Shining One.
   276 | D        | Noticed an ogre
   276 | D        | Noticed a sky beast
   345 | D        | Learned a level 2 spell: Ensorcelled Hibernation
   349 | D        | Learned a level 3 spell: Confuse
   353 | D        | Learned a level 3 spell: Tukima's Dance
   357 | D        | Learned a level 3 spell: Dazzling Spray
   382 | D        | Reached skill level 7 in Stealth
   382 | D        | Reached skill level 5 in Spellcasting
   386 | D        | Reached * piety under Dithmenos
   408 | D        | Killed an ogre
   408 | D        | Reached skill level 5 in Short Blades
   408 | D        | Reached skill level 8 in Stealth
   408 | D        | Reached skill level 5 in Hexes
   408 | D        | Reached XP level 5. HP: 11/27 MP: 9/14
   684 | D        | Reached skill level 9 in Stealth
   867 | D        | Killed a sky beast
   867 | D        | Reached ** piety under Dithmenos
   867 | D        | Reached XP level 6. HP: 32/32 MP: 14/17
   889 | D        | Noticed a troll
   889 | D        | Noticed a deep elf mage
   889 | D        | Noticed an orc warrior
   898 | D        | Reached skill level 10 in Stealth
   925 | D        | Killed a troll
   925 | D        | Reached skill level 10 in Dodging
   925 | D        | Reached skill level 11 in Stealth
   925 | D        | Reached XP level 7. HP: 37/37 MP: 4/19
   936 | D        | Reached *** piety under Dithmenos
   943 | D        | Killed a deep elf mage
   943 | D        | Reached skill level 12 in Stealth
   943 | D        | Reached XP level 8. HP: 42/42 MP: 16/22
  1041 | D        | Noticed Urug
  1048 | D        | Killed Urug
  1048 | D        | Reached skill level 13 in Stealth
  1048 | D        | Reached skill level 10 in Spellcasting
  1106 | D        | Gained mutation: You are weak. (Str -2) [potion of mutation]
  1106 | D        | Gained mutation: You have a somewhat thin skeletal structure. (Dex +2, Stealth) [potion of mutation]
  1107 | D        | Noticed a komodo dragon
  1107 | D        | Noticed a hippogriff
  1109 | D        | Killed a komodo dragon
  1109 | D        | Reached **** piety under Dithmenos
  1109 | D        | Reached XP level 9. HP: 46/46 MP: 24/24
  1111 | D        | Reached skill level 5 in Fighting
  1112 | D        | Noticed a spiny frog
  1118 | D        | Reached skill level 14 in Stealth
  1120 | D        | Reached skill level 10 in Short Blades
  1122 | D        | Reached ***** piety under Dithmenos
  1135 | D        | Killed a spiny frog
  1135 | D        | Reached skill level 5 in Armour
  1196 | D        | Noticed an elephant
  1196 | D        | Noticed a rime drake
  1196 | D        | Noticed a komodo dragon
  1196 | D        | Noticed a rime drake
  1198 | D        | Killed an elephant
  1200 | D        | Reached skill level 15 in Stealth
  1204 | D        | Killed a rime drake
  1204 | D        | Reached XP level 10. HP: 53/53 MP: 25/27
  1206 | D        | Reached ****** piety under Dithmenos
  1219 | D        | Noticed an elephant
  1219 | D        | Noticed an elephant
  1219 | D        | Noticed an elephant
  1219 | D        | Noticed an elephant
  1219 | D        | Noticed an elephant
  1219 | D        | Noticed an elephant
  1224 | D        | Killed an elephant
  1224 | D        | Reached skill level 16 in Stealth
  1228 | D        | Noticed an elephant
  1236 | D        | Killed an elephant
  1245 | D        | Killed an elephant
  1250 | D        | Killed an elephant
  1250 | D        | Reached skill level 15 in Dodging
  1250 | D        | Reached skill level 10 in Hexes
  1392 | D        | Killed an elephant
  1394 | D        | Killed an elephant
  1405 | D        | Noticed an elephant
  1410 | D        | Killed an elephant
  1417 | D        | Killed an elephant
  1417 | D        | Reached skill level 17 in Stealth
  1623 | D        | Noticed an orc knight
  1641 | D        | Killed an orc knight
  1641 | D        | Reached XP level 11. HP: 38/58 MP: 13/29
  1763 | D        | Noticed an orc knight
  1775 | D        | Noticed an orc high priest
  1777 | D        | Killed an orc knight
  1804 | D        | Killed an orc high priest
  1908 | D        | Found Xadypse's Gadget Emporium.
  1908 | D        | Noticed an orc high priest
  1908 | D        | Noticed an orc high priest
  1908 | D        | Noticed an orc high priest
  1908 | D        | Noticed an orc knight
  1908 | D        | Noticed an orc high priest
  1909 | D        | Noticed an orc high priest
  1910 | D        | Killed an orc high priest
  1910 | D        | Reached skill level 18 in Stealth
  1911 | D        | Found Jiannus's Armour Shoppe.
  1912 | D        | Killed an orc high priest
  1913 | D        | Noticed an orc high priest
  1916 | D        | Noticed an orc knight
  1930 | D        | Killed an orc high priest
  1936 | D        | Killed an orc knight
  1937 | D        | Noticed a soul eater
  1939 | D        | Slain by a hellwing

Vault maps used:
D:        linesprint

Skill      XL: |  1  2  3  4  5  6  7  8  9 10 11 |
---------------+----------------------------------+-----
Spellcasting   | 3 4 6 7 8 9 10 12 13 14 | 14.5
Stealth        | 5 6 8 9 11 12 13 15 17 18 | 18.4
Short Blades   | 2 3 5 6 7 8 9 11 12 13 | 13.4
Fighting       | 1 2 3 4 5 6 7 |  7.5
Armour         | 1 2 3 4 5 6 |  6.8
Dodging        | 5 7 8 10 11 12 14 15 16 | 16.9
Hexes          | 4 5 6 7 8 9 10 11 | 11.2

Action                   |  1- 3 |  4- 6 |  7- 9 | 10-12 || total
-------------------------+-------+-------+-------+-------++-------
Melee: Dagger            |    35 |    63 |    13 |       ||   111
       Short sword       |       |       |    21 |   100 ||   121
 Cast: Dazzling Spray    |       |     6 |       |     2 ||     8
       Confuse           |       |     5 |     3 |    22 ||    30
       Ensorcelled Hiber |       |     7 |     7 |    24 ||    38
       Corona            |       |     1 |       |       ||     1
  Use: Potion            |     1 |     1 |     3 |     1 ||     6
       Scroll            |       |       |       |     1 ||     1
 Stab: Invisible         |       |     1 |       |     1 ||     2
       Sleeping          |       |     3 |    13 |    21 ||    37
       Confused          |       |     2 |     3 |    13 ||    18
       Distracted        |       |     1 |     1 |     1 ||     3
Armor: Robe              |     3 |       |     1 |     4 ||     8
Dodge: Dodged            |    23 |    28 |    13 |    81 ||   145

Table legend:
 A = Spawn XP
 B = Non-spawn XP
 C = Spawn XP percentage of total XP
 D = Spawn monster count
 E = Non-spawn monster count
 F = Spawn count percentage of total count
 G = Total turns spent on level
                    A         B        C        D         E        F      G
               +---------+---------+-------+---------+---------+-------+---------
         Total |       0 |   16863 |   0.0 |       0 |      78 |   0.0 |  1939
               +---------+---------+-------+---------+---------+-------+---------
             D |       0 |   16863 |   0.0 |       0 |      78 |   0.0 |  1939
               +---------+---------+-------+---------+---------+-------+---------
